 Seeded DCSS version 0.30-a0-605-gb2882149bf (webtiles) character file.

Game seed: 16313646216494777422 (custom seed)

6 flotson the Sneak (level 1, 0/18 HPs)
             Began as a Demonspawn Delver on Jan 7, 2023.
             Slain by an orc
             ... wielding a +0 mace
              (4 damage)
             ... on level 4 of the Dungeon.
             The game lasted 00:00:52 (240 turns).

flotson the Sneak (Demonspawn Delver)                Turns: 240, Time: 00:00:53

Health: 0/18       AC:  3    Str: 12    XL:     1   Next: 75%
Magic:  1/1        EV: 11    Int: 11    God:
Gold:   15         SH:  0    Dex: 14    Spells: 0/0 levels left

rFire   . . .      SeeInvis .    a - +0 hand axe
rCold   . . .      Faith    .    (no shield)
rNeg    . . .      Spirit   .    b - +0 leather armour
rPois   .          Reflect  .    (no helmet)
rElec   .          Harm     .    (no cloak)
rCorr   .          Rampage  .    (no gloves)
Will    .....                    (no boots)
Stlth   ++                       (no amulet)
HPRegen 0.23/turn                (no ring)
MPRegen 0.07/turn                (no ring)

@: hasted, very quick
A: no striking features
a: no special abilities


You were on level 4 of the Dungeon.
You visited 1 branch of the dungeon, and saw 2 of its levels.

You collected 15 gold pieces.

Inventory:

Hand Weapons
 a - a +0 hand axe (weapon)
Armour
 b - a +0 leather armour (worn)
Wands
 g - a wand of digging (3)
Scrolls
 c - a scroll of fog
 d - a scroll of magic mapping
 e - a scroll of fear
Potions
 h - a potion of resistance {unknown}


   Skills:
 + Level 3.0 Fighting
 + Level 1.8 Axes
 + Level 0.3 Armour
 + Level 1.8 Dodging
 + Level 4.5 Stealth
 + Level 0.2 Evocations


You couldn't memorise any spells.
You didn't know any spells.
Your spell library was empty.

Dungeon Overview and Level Annotations

Branches:
Dungeon (5/15)
 Temple: D:4-7

Altars:

Annotations:
D:4 1 transporter


Message History

Found a transporter.
An orc comes into view. It is wielding a +0 club.
The orc moves out of view.
The orc shouts!
You hear a shout! x2
An orc comes into view. It is wielding a +0 falchion.
The orc shouts!
Found an escape hatch in the floor.
A giant cockroach comes into view.
An orc comes into view. It is wielding a +0 whip.
An orc comes into view. It is wielding a +0 mace.
You closely miss the orc.
An orc comes into view. It is wielding a +0 dagger.
The orc hits you but does no damage.
You feel yourself speed up. The orc hits you but does no damage.
You hit the orc.
The orc is moderately wounded.
The orc barely misses you.
You hit the orc.
The orc is heavily wounded.
The orc hits you with a +0 club.
You hit the orc.
The orc is moderately wounded.
You hit the orc.
You kill the orc!
The orc hits you with a +0 falchion.
You closely miss the orc.
The orc is moderately wounded.
You hit the orc.
You kill the orc!
You hit the orc.
The orc is heavily wounded.
The orc barely misses you.
You barely miss the orc. You closely miss the orc.
The orc hits you with a +0 mace. The orc hits you with a +0 dagger.
* * * LOW HITPOINT WARNING * * *
You hit the orc.
The orc is moderately wounded.
You barely miss the orc. The orc closely misses you.
The orc hits you with a +0 mace.
You die...

############ #...........
# #.########## .. #.#
######## #. #.# #.......
#o #.# #.###### ####.
###.###.#
......######.....#.##
...>...B@o..........#####
.........o...<...........
.#...#######........#####
.... #..####......... #.#
#.## ##..#.#### . #.#
####.# #.# ..... ...
..### ...#.


You could see 2 orcs and a giant cockroach.

Vanquished Creatures
  3 orcs
3 creatures vanquished.

Notes
Turn   | Place    | Note
-------+----------+-------------------------------------------
     0 | D:5      | flotson the Demonspawn Delver began the quest for the Orb.
     0 | D:5      | Reached XP level 1. HP: 18/18 MP: 1/1
    91 | D:5      | Noticed a phantom
   158 | D:5      | Noticed a scorpion
   221 | D:4      | Found a transporter.
   240 | D:4      | Slain by an orc

Illustrated notes

Levels and vault maps discovered:
D:4:      layout_loops_ring, gammafunk_temple_of_torment,
          gammafunk_temple_overflow_forgotten
D:5:      layout_rooms, grunt_temple_overflow_gold_and_silver,
          general_overflow_altar, mainiacjoe_overflow_surrounded_room,
          temple_statues, serial_corexii_hall, corexii_hall_statues_t,
          corexii_hall_statues_i, chequers_hall_statues_y,
          corexii_hall_statues_u, corexii_hall_statues_t,
          chequers_hall_statues_corner_a, uniq_pikel

Action                   || total
-------------------------++-------
Melee: Hand axe          ||    12
  Use: Potion            ||     1
Armor: Leather armour    ||     2
Dodge: Dodged            ||     5

Table legend: (Time is in decaauts)
 A = Elapsed time spent in this place.
 B = Non-inter-level travel time spent in this place.
 C = Inter-level travel time spent in this place.
 D = Time resting spent in this place.
 E = Time spent auto-exploring this place.
 F = Levels seen in this place.
 G = Mean time per level.
                   A        B        C        D        E       F      G
               +--------+--------+--------+--------+--------+-----+--------+
         Total |    240 |    240 |      0 |      0 |    148 |   2 |  120.0 |
       Dungeon |    240 |    240 |      0 |      0 |    148 |   2 |  120.0 |
               +--------+--------+--------+--------+--------+-----+--------+

Top non-repeatable levels by time:
     D:5: 168 daAuts
     D:4: 72 daAuts
